 Dungeon Crawl Stone Soup version bcrawl-1.12-8-g964540c432 (webtiles) character file.

Game seed: 12166479259891572591

2760 Armakuni the Awoken (level 9, -20/74 HPs)
             Began as a Demigod Archaeologist on June 5, 2019.
             Demolished by a cyclops (31 damage)
             ... on level 7 of the Dungeon.
             The game lasted 00:17:15 (5960 turns).

Armakuni the Awoken (Demigod Archaeologist)         Turns: 5960, Time: 00:17:15

Health: -20/74     AC:  9    Str: 21    XL:     9   Next: 41%
Magic:  12/20      EV:  9    Int: 18    God:    Demigod [***...]
Gold:   537        SH:  2    Dex: 15    Spells: 8/8 levels left

rFire    . . .     SeeInvis .   a - +8 demon blade "Leech" {vamp, rN+ AC-3 EV-3}
rCold    . . .     Gourm    .   (no shield)
rNeg     + . .     Faith    .   t - +0 ring mail
rPois    .         Spirit   .   b - +2 hat
rElec    .         Reflect  .   (no cloak)
rCorr    .         Harm     .   d - +1 pair of gloves
MR       +....                  E - +1 pair of boots
Stlth    ++........             R - amulet of regeneration
HPRegen  0.62/turn              M - ring of protection from magic
MPRegen  0.17/turn              L - ring of flight

@: no status effects
A: high mp 1
a: Temporal Distortion, Growth, Major Destruction, Evoke Flight


You were on level 7 of the Dungeon.
You worshipped Demigod.
Demigod was most pleased with you.
You were not hungry.

You visited 1 branch of the dungeon, and saw 7 of its levels.
You also visited: Ossuary.

You collected 537 gold pieces.

Inventory:

Hand Weapons
 a - the +8 demon blade "Leech" (weapon) {vamp, rN+ AC-3 EV-3}

   It inflicts no extra harm, but heals its wielder when it wounds a living foe.
   It affects your AC (-3).
   It affects your evasion (-3).
   It protects you from negative energy.
Missiles
 k - 120 javelins (quivered)
 u - a throwing net {!f}
Armour
 b - a +2 hat (worn)
 d - a +1 pair of gloves (worn)
 s - a +0 plate armour
 t - a +0 ring mail (worn)
 E - a +1 pair of boots (worn)
Jewellery
 H - an uncursed ring of poison resistance {unknown}
 L - a ring of flight (right hand)
 M - a ring of protection from magic (left hand)
 R - an amulet of regeneration (around neck)
Wands
 c - a wand of clouds (10)
 y - a wand of polymorph (7)
 F - a wand of iceblast (11)
Scrolls
 f - a scroll of identify
 j - 2 scrolls of magic mapping
 l - 2 scrolls of enchant weapon
 r - 6 scrolls of remove curse
 v - 3 scrolls of teleportation
 B - a scroll of immolation
 D - 3 scrolls of fear
 G - a scroll of amnesia
Potions
 e - 2 potions of agility
 h - 3 potions of flight
 i - a potion of brilliance {unknown}
 m - 5 potions of heal wounds
 n - a potion of might {unknown}
 o - a potion of lignification
 p - 7 potions of curing
 q - 2 potions of haste {unknown}
 w - a potion of magic {unknown}
 x - 3 potions of degeneration {unknown}
 z - a potion of berserk rage {unknown}
 A - 2 potions of mutation {unknown}
Comestibles
 g - 7 rations {!d}
 C - 2 chunks of flesh


   Skills:
 + Level 5.3 Fighting
 + Level 7.9 Long Blades
 + Level 4.2 Armour
 - Level 2.6 Dodging
 - Level 3.0 Stealth
 - Level 10.0 Invocations


You had 8 spell levels left.
You didn't know any spells.
Your spell library contained the following spells:

 Spells                   Type           Power        Failure   Level  Hunger
 Irradiate                Conj/Tmut      #.........   100%        5    ######.
 Tree Form                Hex/Tmut       N/A          100%        5    ######.
 Statue Form              Tmut/Erth      #........    100%        6    #######
 Dragon Form              Tmut           #.........   100%        7    #######
 Necromutation            Tmut/Necr      #.........   100%        8    #######


Dungeon Overview and Level Annotations

Branches:
Dungeon (7/12)             Temple (0/1) D:5
   Lair: D:7-10

Annotations:
D:3 Grinder


Innate Abilities, Weirdness & Mutations

You have an increased reservoir of magic. (+10% MP)


Message History

You hear two shouts!
You slash the cyclops!
You feel better.
The cyclops is severely wounded.
You are engulfed in a cloud of scalding steam.
The steam dragon bites you. The steam dragon claws you.
The cyclops closely misses you.
You barely miss the cyclops.
The cyclops is severely wounded.
You are engulfed in a cloud of scalding steam.
The steam dragon breathes steam at you. The ball of steam hits you!
* * * LOW HITPOINT WARNING * * *
A two-headed ogre comes into view. It is wielding two +0 giant clubs.
You slash the cyclops!
You feel better.
The cyclops is severely wounded.
You are engulfed in a cloud of scalding steam.
* * * LOW HITPOINT WARNING * * *
The cyclops hits you!!
You die...
Your divinity fades.

##h##. ... #........
#.?..... # #.#.... .
#.#h#.## #### #.#.#.. #
##.## #.#..##.#O#.
#...#########.#.D.......
................@C......
#...#########...........
##.## ####§##.###. ####
§§§. # ####### ###..
......# ..# .####.# ##
#.###.# ##.##.#


You could see a two-headed ogre, a cyclops, a steam dragon and a hound.

Vanquished Creatures
  Sigmund (D:3)
  4 sky beasts
  An orc warrior (D:4)
  An ice beast (D:6)
  A black bear (D:6)
  2 phantoms
  2 ogres
  A big kobold (D:7)
  3 bullfrogs
  6 water moccasin zombies
  A bullfrog zombie (D:5)
  A centaur zombie (D:5)
  2 orc priests
  2 hounds
  2 jellies
  Ijyb (D:4)
  2 iguanas
  7 orc wizards
  3 worker ants
  2 big kobold zombies (Ossuary)
  2 mummies (Ossuary)
  2 hound zombies (D:5)
  2 hound skeletons
  A howler monkey skeleton (D:5)
  4 gnolls (D:4)
  10 adders
  A shadow imp (D:5)
  3 oozes
  2 adder zombies
  2 adder skeletons (D:6)
  2 worms
  A dart slug (D:6)
  A leopard gecko (D:4)
  21 orcs
  4 giant cockroaches
  3 gnoll zombies (Ossuary)
  4 goblins
  9 hobgoblins
  15 jackals
  4 quokkas
  2 ball pythons
  3 bats
  5 frilled lizards
  4 hobgoblin zombies (Ossuary)
  16 kobolds
  5 kobold zombies (Ossuary)
  5 orc zombies (Ossuary)
  A quokka skeleton (D:6)
  7 rats
186 creatures vanquished.

Notes
Turn   | Place    | Note
-------+----------+-------------------------------------------
     0 | D:1      | Armakuni the Demigod Archaeologist began the quest for the
                  | Orb.
     0 | D:1      | Reached XP level 1. HP: 15/15 MP: 3/3
    60 | D:1      | Reached skill level 1 in Fighting
   444 | D:1      | Reached XP level 2. HP: 24/24 MP: 4/4
   914 | D:1      | Reached XP level 3. HP: 29/30 MP: 5/5
  1049 | D:2      | Reached * piety under Demigod
  1049 | D:2      | Reached skill level 1 in Long Blades
  1128 | D:2      | Found a shimmering altar of Xom.
  1130 | D:2      | Found a shimmering altar of Xom.
  1130 | D:2      | Found a shimmering altar of Xom.
  1130 | D:2      | Found a shimmering altar of Xom.
  1233 | D:2      | Found a shimmering altar of Xom.
  1233 | D:2      | Found a shimmering altar of Xom.
  1306 | D:2      | Found a corrupted altar of Lugonu.
  1318 | D:2      | Found an ornate altar of the Wu Jian Council.
  1415 | D:2      | Reached XP level 4. HP: 37/37 MP: 6/6
  1503 | D:2      | Found a hide-covered altar of Uskayaw.
  1503 | D:2      | Found a sparkling altar of Nemelex Xobeh.
  1508 | D:2      | Found a burning altar of Makhleb.
  1524 | D:2      | Found a glowing silver altar of Zin.
  1526 | D:2      | Found a shadowy altar of Dithmenos.
  2082 | D:3      | Noticed Grinder
  2392 | D:3      | Noticed an ogre
  2399 | D:3      | Killed an ogre
  2399 | D:3      | Reached XP level 5. HP: 17/42 MP: 7/7
  2656 | D:3      | Reached XP level 6. HP: 50/50 MP: 8/8
  2918 | D:3      | Noticed Sigmund
  2926 | D:3      | Killed Sigmund
  2926 | D:3      | Reached skill level 1 in Armour
  3145 | D:3      | Reached ** piety under Demigod
  3268 | D:4      | Reached skill level 1 in Invocations
  3269 | D:4      | Reached XP level 7. HP: 57/57 MP: 8/10
  3282 | D:4      | Reached skill level 3 in Invocations
  3302 | D:4      | Reached skill level 4 in Invocations
  3336 | D:4      | Found an iron altar of Okawaru.
  3352 | D:4      | Found a glowing golden altar of the Shining One.
  3399 | D:4      | Reached skill level 5 in Invocations
  3629 | D:4      | Found a sand-covered staircase.
  3634 | Ossuary  | Entered an ossuary
  3685 | Ossuary  | Reached XP level 8. HP: 45/66 MP: 14/14
  4116 | D:4      | Noticed Ijyb
  4126 | D:4      | Killed Ijyb
  4283 | D:4      | Reached *** piety under Demigod
  4435 | D:5      | Entered Level 5 of the Dungeon
  4477 | D:5      | Reached skill level 6 in Invocations
  4534 | D:5      | Reached skill level 7 in Invocations
  4686 | D:5      | Found a staircase to the Ecumenical Temple.
  5271 | D:6      | Reached skill level 8 in Invocations
  5284 | D:6      | Reached skill level 9 in Invocations
  5284 | D:6      | Reached XP level 9. HP: 71/72 MP: 17/19
  5459 | D:6      | Reached skill level 10 in Invocations
  5510 | D:6      | Reached skill level 5 in Fighting
  5641 | D:6      | Found a snail-covered altar of Cheibriados.
  5757 | D:7      | Reached **** piety under Demigod
  5951 | D:7      | Noticed a cyclops
  5959 | D:7      | Noticed a two-headed ogre
  5960 | D:7      | Demolished by a cyclops

Skill      XL: |  1  2  3  4  5  6  7  8  9 |
---------------+----------------------------+-----
Fighting       | 1 2 3 4 5 |  5.3
Long Blades    | 3 6 7 |  7.9
Armour         | 1 2 3 4 |  4.2
Invocations    | 1 5 9 10 | 10.0
Dodging        | |  2.6
Stealth        | |  3.0

Action                   |  1- 3 |  4- 6 |  7- 9 || total
-------------------------+-------+-------+-------++-------
Melee: Spear             |    66 |    48 |       ||   114
       Short sword       |    13 |       |       ||    13
       Demon blade       |       |    45 |   287 ||   332
Throw: Javelin           |    56 |    46 |     3 ||   105
Invok: Temporal Distorti |       |     1 |     4 ||     5
  Use: Scroll            |     5 |     4 |     5 ||    14
 Stab: Sleeping          |     7 |     1 |     3 ||    11
  Eat: Chunk             |     2 |     4 |     6 ||    12
       Ration            |       |     2 |     1 ||     3
Armor: Robe              |    23 |    28 |       ||    51
       Ring mail         |       |     9 |   169 ||   178
Dodge: Dodged            |    68 |    74 |   119 ||   261
Block: Other             |       |     1 |    26 ||    27
